 Dungeon Crawl Stone Soup version 0.20.0-8-g6b59dc7 (webtiles) character file.

142 anfisbena the Skirmisher (level 5, -11/44 HPs)
             Began as a Formicid Fighter on June 2, 2017.
             Was an Initiate of Makhleb.
             Mangled by a gnoll
             ... wielding a +0 flail
              (13 damage)
             ... on level 3 of the Dungeon.
             The game lasted 00:04:25 (2324 turns).

anfisbena the Skirmisher (Formicid Fighter)         Turns: 2324, Time: 00:04:26

Health: -11/44     AC:  6    Str: 19 (20) XL:     5   Next: 49%
Magic:  5/5        EV:  7    Int: 10 (13) God:    Makhleb [......]
Gold:   147        SH:  9    Dex:  8 (11) Spells: 4/4 levels left

rFire    . . .     SeeInvis +   a - +0 quarterstaff
rCold    . . .     Gourm    .   c - +0 shield
rNeg     . . .     Faith    .   b - +0 scale mail
rPois    .         Spirit   .   (helmet unavailable)
rElec    .         Reflect  .   (no cloak)
rCorr    .         Harm     .   (no gloves)
MR       .....                  (no boots)
Stlth    ..........             (no amulet)
Regen    0.2/turn               j - ring of see invisible
MPRegen  0.1/turn               (no ring)

@: brilliant
A: permanent stasis, dig shafts and tunnels, four strong arms, antennae 3
a: Dig, Shaft Self, Renounce Religion


You were on level 3 of the Dungeon.
You worshipped Makhleb.
Makhleb was noncommittal.
You were not hungry.

You visited 1 branch of the dungeon, and saw 3 of its levels.

You collected 147 gold pieces.

Inventory:

Hand Weapons
 a - a +0 quarterstaff (weapon)
Armour
 b - a +0 scale mail (worn)
 c - a +0 shield (worn)
Jewellery
 j - a ring of see invisible (left hand)
Scrolls
 h - 2 scrolls of identify {unknown}
 i - 5 scrolls of magic mapping {unknown}
 k - 3 scrolls of teleportation {unknown}
 o - 2 scrolls of remove curse {unknown}
Potions
 d - a potion of might
 e - a potion of haste
 m - a potion of degeneration
Comestibles
 f - 2 bread rations
 g - 3 royal jellies
 l - 4 chunks of flesh
 p - a meat ration
 q - 3 fruits


   Skills:
 + Level 5.1 Fighting
 + Level 3.8 Staves
 - Level 3.2 Armour
 - Level 3.6 Shields


You had 4 spell levels left.
You didn't know any spells.

Dungeon Overview and Level Annotations

Branches:
Dungeon (3/15)

Altars:
Makhleb


Innate Abilities, Weirdness & Mutations

You cannot be hasted, slowed, berserked, paralysed or teleported.
You can dig through walls and to a lower floor.
Your four strong arms can wield two-handed weapons with a shield.
You have a pair of large antennae on your head. (SInv)


Message History

The gnoll is heavily wounded.
You block the gnoll's attack.
Your shield prevents you from hitting the gnoll.
The gnoll is heavily wounded.
You block the gnoll's attack.
You closely miss the gnoll.
The gnoll is heavily wounded.
The gnoll hits you with a flail.
* * * LOW HITPOINT WARNING * * *
It was a potion of haste.
Your stasis prevents you from being hasted.
You block the gnoll's attack.
It was a potion of degeneration.
There was something very wrong with that liquid.
You feel weakened.
You feel dopey.
You feel clumsy. The gnoll barely misses you.
It was a potion of brilliance.
You feel clever all of a sudden. The gnoll hits you with a flail!
You die...

###.... ...... ≈... ###
#....# .... ##g## #....#
)r...#####{#@# #....#
##....>.{{##### #....#
#.....###{#...# ###....#
#...###.#...# #......#
#....#s.#...###.##'###
#.....#.#....##.#..#
#...l+..#.......#.#####
#....###)(....#.#.....#
.......#g.......#.#####.#


You could see a gnoll.

Vanquished Creatures
  2 orc priests (D:2)
  A gnoll (D:3)
  An adder (D:2)
  2 dart slugs
  2 leopard geckos (D:2)
  5 orcs
  2 bats
  A giant cockroach (D:1)
  9 goblins
  4 hobgoblins
  A ball python (D:1)
  7 frilled lizards
  9 kobolds
  6 rats
52 creatures vanquished.

Notes
Turn   | Place    | Note
-------+----------+-------------------------------------------
     0 | D:1      | anfisbena the Formicid Fighter began the quest for the Orb.
     0 | D:1      | Reached XP level 1. HP: 18/18 MP: 1/1
   106 | D:1      | Reached XP level 2. HP: 23/24 MP: 2/2
   274 | D:1      | Reached skill level 4 in Fighting
   457 | D:1      | Reached XP level 3. HP: 30/30 MP: 3/3
  1206 | D:2      | Reached XP level 4. HP: 12/38 MP: 4/4
  1460 | D:2      | Reached XP level 5. HP: 38/43 MP: 5/5
  1528 | D:2      | Reached skill level 5 in Fighting
  2060 | D:3      | Found a burning altar of Makhleb.
  2114 | D:3      | Became a worshipper of Makhleb the Destroyer
  2321 | D:3      | HP: 2/44 [gnoll/flail (6)]
  2324 | D:3      | Mangled by a gnoll

Skill      XL: |  1  2  3  4  5 |
---------------+----------------+-----
Fighting       | 4 5 |  5.1
Staves         | 3 |  3.8
Armour         | |  3.2
Shields        | |  3.6

Action                   |  1- 3 |  4- 6 || total
-------------------------+-------+-------++-------
Melee: Quarterstaff      |   105 |    65 ||   170
 Abil: Dig               |     1 |     4 ||     5
  Use: Potion            |       |     3 ||     3
  Eat: Chunk             |     1 |     4 ||     5
Armor: Scale mail        |    49 |    13 ||    62
Dodge: Dodged            |    21 |    12 ||    33
Block: Shield            |    43 |    34 ||    77
